 Dungeon Crawl Stone Soup version 0.29-a0-825-g72347fce65 (webtiles) character file.

Game seed: 16806395595717116222

98 27snakeeyes612 the Trooper (level 4, -1/43 HPs)
             Began as a Naga Fighter on July 11, 2022.
             Slain by Natasha (4 damage)
             ... on level 2 of the Dungeon.
             The game lasted 00:01:49 (2284 turns).

27snakeeyes612 the Trooper (Naga Fighter)           Turns: 2284, Time: 00:01:50

Health: -1/43      AC:  5    Str: 20    XL:     4   Next: 71%
Magic:  4/4        EV:  7    Int:  9    God:
Gold:   98         SH:  4    Dex: 10    Spells: 3/3 levels left

rFire   . . .      SeeInvis +   a - +0 long sword
rCold   . . .      Faith    .   c - +0 buckler
rNeg    . . .      Spirit   .   b - +0 scale mail
rPois   +          Reflect  .   (no helmet)
rElec   .          Harm     .   (no cloak)
rCorr   +          Rampage  .   (no gloves)
Will    .....                   (no barding)
Stlth   ..........              (no amulet)
HPRegen 0.14/turn               j - ring of resist corrosion
MPRegen 0.09/turn               (no ring)

@: short of breath, very slow
A: AC +1, large, see invisible, deformed body, poison resistance, slowness 2,
spit poison 1, naga tail 1
a: Spit Poison


You were on level 2 of the Dungeon.
You visited 1 branch of the dungeon, and saw 4 of its levels.

You collected 98 gold pieces.

Inventory:

Hand Weapons
 a - a +0 long sword (weapon)
Armour
 b - a +0 scale mail (worn)
 c - a +0 buckler (worn)
Jewellery
 j - a ring of resist corrosion (left hand)
Scrolls
 g - a scroll of noise {unknown}
 i - a scroll of enchant weapon {unknown}
Potions
 d - a potion of might
 e - 2 potions of curing
 f - 2 potions of haste
 h - a potion of cancellation
 l - a potion of flight {unknown}


   Skills:
 + Level 3.6 Fighting
 + Level 2.8 Long Blades
 + Level 3.0 Armour
 + Level 3.3 Shields


You had 3 spell levels left.
You didn't know any spells.
Your spell library contained the following spells:

 Spells                   Type           Power      Damage    Failure   Level
 Sting                    Tmut/Pois      0%         1d3       82%         1
 Blink                    Tloc           0%         N/A       91%         2
 Poisonous Vapours        Pois/Air       0%         N/A       91%         2
 Lesser Beckoning         Tloc           0%         N/A       99%         3
 Olgreb's Toxic Radiance  Pois           0%         N/A       100%        4
 Manifold Assault         Tloc           0%         N/A       100%        5


Dungeon Overview and Level Annotations

Branches:
Dungeon (4/15)
 Temple: D:4-7

Altars:
Kikubaaqudgha

Annotations:
D:2 Natasha


Innate Abilities, Weirdness & Mutations

Your serpentine skin is tough. (AC +1)
You have supernaturally acute eyesight. (SInv)
Armour fits poorly on your strangely shaped body.
Your system is resistant to poisons. (rPois)
You cover ground very slowly.
You can spit poison.
You have a snake-like lower body.


Message History

You slash the worm!
You kill the worm!
Things that are here:
the felid corpse of Natasha; an adder corpse You start resting.
Natasha, Servant of Life and Death comes into view.
Natasha is nearby!
Natasha is nearby!
Aiming: Spit Poison (1% risk of failure)
Press: ? - help, Q - select action Shift-Dir - straight line, f - Natasha
Aim: Natasha (wandering, hasn't noticed you, 50% to hit)
The splash of poison misses Natasha.
Natasha casts a spell.
The crimson imp blinks!
An adder comes into view.
The adder hisses angrily.
Natasha casts a spell at you. You resist with some effort.
You have got your breath back.
There is a stone staircase leading up here.
Natasha barely misses you.
You climb upwards.
There is a stone staircase leading down here.
Aiming: Spit Poison (1% risk of failure)
Press: ? - help, Q - select action Shift-Dir - straight line, f - Natasha
Aim: Natasha (50% to hit)
The splash of poison hits Natasha.
Natasha is lightly wounded.
Natasha claws you.
You hit Natasha.
Natasha is moderately wounded.
Natasha casts a spell at you. The magic dart hits you.
* * * LOW HITPOINT WARNING * * *
You hit Natasha.
Natasha is moderately wounded.
Natasha claws you.
* * * LOW HITPOINT WARNING * * *
Natasha claws you.
You die...

#.# #.# ...
#.# #.# #.#
#.# #@# #h#
#..##.##.#
#..#......
#.......##
#.......#
#.......###
#.........#
#.......#


You could see Natasha.

Vanquished Creatures
  Natasha (D:3)
  3 adders (D:3)
  A worm (D:3)
  A dart slug (D:1)
  5 ball pythons
  5 endoplasms (D:1)
  5 giant cockroaches
  A goblin (D:4)
  4 hobgoblins
  2 quokkas (D:3)
  2 bats (D:1)
  2 frilled lizards
  4 kobolds
  6 rats
42 creatures vanquished.

Notes
Turn   | Place    | Note
-------+----------+-------------------------------------------
     0 | D:1      | 27snakeeyes612 the Naga Fighter began the quest for the
                  | Orb.
     0 | D:1      | Reached XP level 1. HP: 21/21 MP: 1/1
   185 | D:1      | Reached XP level 2. HP: 28/28 MP: 2/2
   206 | D:1      | Found a faded altar of an unknown god.
   834 | D:1      | Reached XP level 3. HP: 14/34 MP: 3/3
  1567 | D:2      | You fall into a shaft and drop 2 floors!
  1918 | D:3      | Found an ancient bone altar of Kikubaaqudgha.
  2141 | D:3      | Reached XP level 4. HP: 20/42 MP: 4/4
  2245 | D:3      | Noticed Natasha
  2259 | D:3      | Killed Natasha
  2273 | D:3      | Noticed Natasha
  2284 | D:2      | Slain by Natasha

Illustrated notes

Levels and vault maps discovered:
D:1:      lemuel_arrival_tunnels, layout_loops_cross,
          ebering_ecumenical_altar_petrified, hangedman_decor_peaks_small,
          grunt_decor_arrowhead, minmay_pentomino_x4
D:2:      layout_loops_ring
D:3:      layout_basic, lemuel_round_altar, serial_bayou_lagoon_a,
          chequers_serial_rivers_marsh, uniq_natasha
D:4:      layout_cave_pools, minmay_temple_entry_ruins,
          gammafunk_ghost_gnarly_gnolls, grunt_decor_mini_mirrors, uniq_pikel

Skill      XL: |  1  2  3  4 |
---------------+-------------+-----
Shields        | 3 |  3.3
Armour         | 3 |  3.0
Fighting       | |  3.6
Long Blades    | |  2.8

Action                   |  1- 3 |  4- 6 || total
-------------------------+-------+-------++-------
Melee: Long sword        |   143 |    36 ||   179
 Abil: Spit Poison       |     4 |     5 ||     9
  Use: Scroll            |     6 |       ||     6
Armor: Scale mail        |    98 |    15 ||   113
Dodge: Dodged            |    59 |    13 ||    72
Block: Buckler           |    36 |     8 ||    44

Table legend: (Time is in decaauts)
 A = Elapsed time spent in this place.
 B = Non-inter-level travel time spent in this place.
 C = Inter-level travel time spent in this place.
 D = Time resting spent in this place.
 E = Time spent auto-exploring this place.
 F = Levels seen in this place.
 G = Mean time per level.
                   A        B        C        D        E       F      G
               +--------+--------+--------+--------+--------+-----+--------+
         Total |   2729 |   2691 |     38 |    233 |   2003 |   4 |  682.2 |
       Dungeon |   2729 |   2691 |     38 |    233 |   2003 |   4 |  682.2 |
               +--------+--------+--------+--------+--------+-----+--------+

Top non-repeatable levels by time:
     D:1: 1881 daAuts
     D:3: 704 daAuts
     D:4: 130 daAuts
     D:2: 13 daAuts
